 Dungeon Sprint DCSS version 0.20-a0-1127-g1289703 (webtiles) character file.

58447 potatolord6000 the Tortoise (level 14, -1/134 HPs)
             Began as a Demonspawn Fighter on May 18, 2017.
             Was an Initiate of Gozag.
             Slain by a merfolk javelineer
             ... wielding a +0 spear
              (6 damage)
             ... in the Dungeon (Sprint V: "Ziggurat Sprint").
             The game lasted 00:19:45 (2165 turns).

potatolord6000 the Tortoise (Demonspawn Fighter)    Turns: 2165, Time: 00:19:46

Health: -1/134     AC: 41    Str: 31    XL:     14   Next: 49%
Magic:  14/14      EV:  4    Int: 12    God:    Gozag
Gold:   6115       SH: 44    Dex: 15    Spells: 13/13 levels left

rFire    + + +     SeeInvis .   y - +9 demon blade (flame)
rCold    + . .     Gourm    .   b - +18 shield of the Gong {rElec rN+ MR+ EV-5}
rNeg     + . .     Faith    .   a - +15 Maxwell's patent armour {-Cast -Tele rElec MR+ rCorr}
rPois    .         Spirit   .   H - +2 helmet "Koasch" {rF+ Int+2}
rElec    +         Reflect  +   o - +0 cloak {MR+}
rCorr    +         Harm     .   A - +0 pair of gloves {archery}
MR       +++++     NoTele   +   (boots unavailable) Stlth ..........NoCast +
                                g - +2 amulet of reflection
Regen    0.4/turn               D - ring of Feffyqeck {rC+ Str+4 Dex+3}
MPRegen  0.2/turn               x - ring of Xom's Supremacy {rElec rF+ MR+ Slay+3}

@: mighty, gold aura, studying Stealth
A: hooves 3, large bone plates 3, fire resistance 1, flame cloud immunity
a: Potion Petition, Call Merchant, Bribe Branch, Renounce Religion


You were in the Dungeon.
You worshipped Gozag.
Gozag was greatly pleased with you.
You were full.

You visited 1 branch You collected 11385 gold pieces.
You spent 2956 gold pieces at shops.
You paid 2314 gold pieces to Gozag.

Inventory:

Hand Weapons
 y - a +9 demon blade of flaming (weapon)
Armour
 a - the +15 Maxwell's patent armour (worn) {-Cast -Tele rElec MR+ rCorr}
   (You found it in the Dungeon)

   It insulates you from electricity.
   It affects your resistance to hostile enchantments.
   It prevents spellcasting.
   It prevents most forms of teleportation.
   It protects you from acid and corrosion.
 b - the +18 shield of the Gong (worn) {rElec rN+ MR+ EV-5}
   (You found it in the Dungeon)

   It affects your evasion (-5).
   It insulates you from electricity.
   It protects you from negative energy.
   It affects your resistance to hostile enchantments.
 o - a +0 cloak of magic resistance (worn)
 A - a +0 pair of gloves of archery (worn)
 H - the +2 helmet "Koasch" (worn) {rF+ Int+2}
   (You found it in the Dungeon)

   It affects your intelligence (+2).
   It protects you from fire.
Jewellery
 g - a +2 amulet of reflection (around neck)
 x - the ring of Xom's Supremacy (right hand) {rElec rF+ MR+ Slay+3}
   (You found it in the Dungeon)

   [ring of protection from fire]

   It affects your accuracy and damage with ranged weapons and melee attacks
   (+3).
   It protects you from fire.
   It insulates you from electricity.
   It affects your resistance to hostile enchantments.
 D - the ring of Feffyqeck (left hand) {rC+ Str+4 Dex+3}
   (You found it in the Dungeon)

   [ring of dexterity]

   It affects your strength (+4).
   It affects your dexterity (+3).
   It protects you from cold.
Scrolls
 k - 4 scrolls of blinking
 m - 4 scrolls of amnesia
 n - 3 scrolls of recharging
 q - 7 scrolls of fog
 r - a scroll of identify
 s - 5 scrolls of remove curse
 t - 2 scrolls of fear
 B - 2 scrolls of brand weapon
 E - 4 scrolls of enchant armour
Potions
 d - 2 potions of might
 e - 10 potions of curing
 h - 9 potions of haste
 i - 7 potions of magic
 j - 2 potions of berserk rage
 p - a potion of flight {unknown}
 u - 2 potions of brilliance
 v - 2 potions of invisibility
 w - 3 potions of resistance
 z - 4 potions of agility
Books
 C - a manual of Stealth
Comestibles
 c - 42 fruits
 f - 5 bread rations
 l - 2 meat rations


   Skills:
 + Level 19.9 Fighting
 + Level 18.1 Long Blades
   Level 1.7 Axes
 + Level 20.0 Armour
 + Level 18.6 Shields


You had 13 spell levels left.
You didn't know any spells.

Dungeon Overview and Level Annotations

Branches:
Dungeon (1/1)

Altars:
Ashenzari
Cheibriados
Dithmenos
Elyvilon
Fedhas
Gozag
Hepliaklqana
Kikubaaqudgha
Makhleb
Nemelex Xobeh
Okawaru
Qazlal
Ru
Sif Muna
Trog
Uskayaw
Vehumet
Wu Jian
Xom
Yredelemnul
Zin
The Shining One
Beogh
Jiyva
Lugonu

Shops:
D [([

Annotations:
D 1 transporter


Innate Abilities, Weirdness & Mutations

You have hooves in place of feet.
You are completely covered in large bone plates. (SH +8)
Your flesh is heat resistant. (rF+)
You are immune to clouds of flame.


Message History

The merfolk javelineer hits you from afar with a spear of piercing.
* * * LOW HITPOINT WARNING * * *
x2 The cyclops is distracted by the nearby gold.
Unknown command.
Unknown command.
You hit the cyclops. You burn the cyclops. You kick the cyclops!
The cyclops is almost dead.
The cyclops is no longer distracted by gold.
You block the stone giant's attack.
GONNNNG!
The cyclops throws a large rock.
GONNNNG!
You reflect the large rock off an invisible shield around you!
The large rock hits the cyclops!!
The cyclops dies!
You block the cyclops's attack.
GONNNNG!
The merfolk javelineer hits you from afar with a spear.
You die...
Your body crumbles into a pile of gold.

▓.............▓..::...).
▓.............▓....|.=:.
▓▓▓▓▓▓▓▓▓▓▓▓▓▓▓....?....
▓.....8©8.....▓...).....
▓.:.(["|}::}[.▓.........
▓..((?cC[())..▓.........
▓....cCmcC(...▓......)..
▓....mC$$$....▓.........
▓(...CC@c(....▓.........
▓.....C..c....▓.........
▓......(......▓▓▓▓▓▓▓▓▓▓
▓..▓...(...▓..▓...8©8...
▓. ▓▓..(..▓▓ .▓...}|)"?.
▓..▓.......▓..▓..}[}}[..
▓.............▓.........
▓.............▓.........
▓▓▓▓▓▓▓▓▓▓▓▓▓▓▓.........


You could see a stone giant, 2 merfolk javelineers, 2 yaktaur captains, 6
cyclopes and 3 yaktaurs.

Vanquished Creatures
  A greater mummy (D)
  A bone dragon (D)
  An acid blob (D)
  2 deep elf blademasters (D)
  A deep elf master archer (D)
  A nagaraja (D)
  An azure jelly (D)
  2 deep elf sorcerers (D)
  A stone giant (D)
  A deep elf annihilator (D)
  A merfolk javelineer (D)
  A mummy priest (D)
  4 deep elf high priests (D)
  A great orb of eyes (D)
  2 anacondas (D)
  3 two-headed ogres (D)
  A death scarab (D)
  2 deep elf knights (D)
  2 deep elf archers (D)
  9 deep elf magi (D)
  4 cyclopes (D)
  3 black mambas (D)
  4 rust devils (D)
  3 eyes of devastation (D)
  A naga mage (D)
  2 guardian serpents (D)
  5 yaktaurs (D)
  2 rime drakes (D)
  2 ice devils (D)
  2 guardian mummies (D)
  A jumping spider (D)
  4 slime creatures (D)
  Sigmund (D)
  2 flying skulls (D)
  2 shadows (D)
  2 fire elementals (D)
  A naga (D)
  A hell hound (D)
  2 water moccasins (D)
  Duvessa (D)
  An eye of draining (D)
  4 ogres (D)
  3 centaurs (D)
  Blork the orc (D)
  2 earth elementals (D)
  3 scorpions (D)
  Dowan (D)
  A wight (D)
  Crazy Yiuf (D)
  3 iron imps (D)
  4 jellies (D)
  An orc priest (D)
  Jessica (D)
  An orc wizard (D)
  5 mummies (D)
  2 shadow imps (D)
  5 white imps (D)
  2 ufetubi (D)
  3 oozes (D)
  An adder zombie (D)
  2 orcs (D)
  2 ball pythons (D)
  2 bat zombies (D)
  2 giant cockroach zombies (D)
  A leopard gecko skeleton (D)
  2 quokka skeletons (D)
  A quokka zombie (D)
140 creatures vanquished.

Vanquished Creatures (others)
  An acid blob (D)
  4 deep elf master archers (D)
  8 azure jellies (D)
  5 death oozes (D)
  A yaktaur captain (D)
  4 dancing weapons (D)
  Pikel (D)
  2 cyclopes (D)
  Maurice (D)
  Grinder (D)
  Edmund (D)
  A centaur (D)
  A ball python (D)
31 creatures vanquished.

Grand Total: 171 creatures vanquished

Notes
Turn   | Place    | Note
-------+----------+-------------------------------------------
     0 | D        | potatolord6000 the Demonspawn Fighter began the quest for the Orb.
     0 | D        | Reached XP level 1. HP: 18/18 MP: 1/1
     8 | D        | Killed Pikel
    15 | D        | Found a blossoming altar of Fedhas.
    16 | D        | Found a viscous altar of Jiyva.
    16 | D        | Found a hazy altar of Hepliaklqana.
    16 | D        | Found an opulent altar of Gozag.
    16 | D        | Found an ancient bone altar of Kikubaaqudgha.
    16 | D        | Found a corrupted altar of Lugonu.
    18 | D        | Found a burning altar of Makhleb.
    18 | D        | Killed Edmund
    22 | D        | Found a stormy altar of Qazlal.
    22 | D        | Found an iron altar of Okawaru.
    22 | D        | Found a sacrificial altar of Ru.
    22 | D        | Found a sparkling altar of Nemelex Xobeh.
    22 | D        | Found a deep blue altar of Sif Muna.
    22 | D        | Found a bloodstained altar of Trog.
    83 | D        | Killed Grinder
    92 | D        | Became a worshipper of Gozag Ym Sagoz the Greedy
   105 | D        | Reached skill level 5 in Fighting
   105 | D        | Reached skill level 4 in Armour
   105 | D        | Gained mutation: You are partially covered in large bone plates. (SH +4) [demonic ancestry]
   105 | D        | Reached XP level 2. HP: 27/27 MP: 2/2
   112 | D        | Entered arena 2.
   112 | D        | Noticed a flying skull
   117 | D        | Killed a flying skull
   117 | D        | Reached skill level 6 in Armour
   117 | D        | Gained mutation: Your flesh is heat resistant. (rF+) [demonic ancestry]
   117 | D        | Reached XP level 3. HP: 36/36 MP: 3/3
   117 | D        | Reached XP level 4. HP: 43/43 MP: 4/4
   117 | D        | Reached XP level 5. HP: 48/48 MP: 5/5
   132 | D        | Entered arena 3.
   132 | D        | Noticed a hell hound
   141 | D        | Killed a hell hound
   141 | D        | Gained mutation: You are immune to clouds of flame. [demonic ancestry]
   141 | D        | Reached XP level 6. HP: 56/56 MP: 6/6
   143 | D        | Reached skill level 5 in Long Blades
   143 | D        | Reached skill level 7 in Armour
   156 | D        | Entered arena 4.
   156 | D        | Noticed a jumping spider
   168 | D        | Killed a jumping spider
   168 | D        | Reached skill level 8 in Armour
   168 | D        | Reached XP level 7. HP: 53/64 MP: 7/7
   186 | D        | Got the cursed ring of Linearity {Str-2 Dex+4 SInv}
   266 | D        | Entered arena 5.
   295 | D        | Got the ring "Lifof" {rF+ rC- Dex+4}
   299 | D        | Entered arena 6.
   323 | D        | Got the ring of Xom's Supremacy {rElec rF+ MR+ Slay+3}
   348 | D        | Entered arena 7.
   373 | D        | Entered arena 8.
   373 | D        | Noticed Sigmund
   373 | D        | Noticed Jessica
   373 | D        | Noticed Blork the orc
   373 | D        | Noticed Crazy Yiuf
   373 | D        | Noticed Dowan
   373 | D        | Noticed Duvessa
   384 | D        | Killed Sigmund
   390 | D        | Killed Dowan
   390 | D        | Gained mutation: You are mostly covered in large bone plates. (SH +6) [demonic ancestry]
   390 | D        | Reached XP level 8. HP: 71/71 MP: 8/8
   400 | D        | Killed Duvessa
   400 | D        | Reached skill level 9 in Armour
   401 | D        | Killed Jessica
   406 | D        | Killed Crazy Yiuf
   414 | D        | Killed Blork the orc
   435 | D        | Entered arena 9.
   435 | D        | Noticed an ice devil
   435 | D        | Noticed a rime drake
   435 | D        | Noticed a rime drake
   447 | D        | Killed an ice devil
   447 | D        | Reached skill level 10 in Fighting
   452 | D        | Killed a rime drake
   461 | D        | Killed a rime drake
   461 | D        | Reached skill level 10 in Armour
   461 | D        | Reached skill level 10 in Shields
   461 | D        | Gained mutation: You have large cloven feet. [demonic ancestry]
   461 | D        | Reached XP level 9. HP: 71/79 MP: 9/9
   499 | D        | Got the ring of Feffyqeck {rC+ Str+4 Dex+3}
   509 | D        | Entered arena 10.
   509 | D        | Noticed an eye of devastation
   530 | D        | Killed an eye of devastation
   573 | D        | Entered arena 11.
   573 | D        | Noticed a two-headed ogre
   573 | D        | Noticed a two-headed ogre
   573 | D        | Noticed a two-headed ogre
   573 | D        | Noticed a cyclops
   573 | D        | Noticed a cyclops
   578 | D        | Killed a two-headed ogre
   578 | D        | Reached skill level 10 in Long Blades
   578 | D        | Reached skill level 11 in Armour
   583 | D        | Killed a two-headed ogre
   583 | D        | Reached XP level 10. HP: 82/89 MP: 4/10
   596 | D        | Killed a two-headed ogre
   600 | D        | Killed a cyclops
   606 | D        | Killed a cyclops
   606 | D        | Reached skill level 12 in Armour
   659 | D        | Bought an encrusted crystal plate armour for 2210 gold pieces
   659 | D        | Bought a pair of glowing gloves for 195 gold pieces
   659 | D        | Bought a pair of slimy boots for 247 gold pieces
   660 | D        | Identified the cursed +1 crystal plate armour of Zin's Righteous Anger {rC+++ rCorr MP-9 Dex+7} (You bought it in a shop in the Dungeon)
   662 | D        | Identified the +1 pair of boots of Fupa {rN+} (You bought it in a shop in the Dungeon)
   679 | D        | Entered arena 12.
   679 | D        | Noticed an eye of devastation
   680 | D        | Noticed a great orb of eyes
   680 | D        | Noticed an azure jelly
   680 | D        | Noticed an eye of devastation
   680 | D        | Noticed an acid blob
   691 | D        | Killed a great orb of eyes
   693 | D        | Killed an azure jelly
   693 | D        | Gained mutation: You are completely covered in large bone plates. (SH +8) [demonic ancestry]
   693 | D        | Reached XP level 11. HP: 99/99 MP: 11/11
   708 | D        | Killed an acid blob
   708 | D        | Reached skill level 13 in Armour
   775 | D        | Entered arena 13.
   776 | D        | Noticed a bone dragon
   809 | D        | Killed a bone dragon
   809 | D        | Reached skill level 15 in Fighting
   817 | D        | Reached skill level 14 in Armour
   876 | D        | Entered arena 14.
   877 | D        | Noticed a mummy priest
   878 | D        | Noticed a death scarab
   878 | D        | Noticed a greater mummy
   883 | D        | Noticed a phantasmal warrior
   891 | D        | HP: 5/102 [mummy priest/divine providence (10)]
   897 | D        | HP: 5/102 [greater mummy/divine providence (13)]
   916 | D        | Killed a greater mummy
   916 | D        | Gained mutation: You have hoof-like feet. [demonic ancestry]
   916 | D        | Reached XP level 12. HP: 53/111 MP: 12/12
   919 | D        | Reached skill level 15 in Shields
   924 | D        | Killed a death scarab
   924 | D        | Reached skill level 15 in Armour
   931 | D        | HP: 2/111 [something (20)]
   934 | D        | Killed a mummy priest
  1000 | D        | Killed a death ooze
  1029 | D        | Killed an azure jelly
  1181 | D        | Killed an azure jelly
  1233 | D        | Killed a death ooze
  1274 | D        | Entered arena 15.
  1275 | D        | Noticed a stone giant
  1275 | D        | Noticed a deep elf master archer
  1276 | D        | Noticed a merfolk javelineer
  1286 | D        | Killed a merfolk javelineer
  1293 | D        | Killed a deep elf master archer
  1297 | D        | Reached skill level 16 in Armour
  1300 | D        | Reached skill level 15 in Long Blades
  1315 | D        | Killed a stone giant
  1315 | D        | Gained mutation: You have hooves in place of feet. [demonic ancestry]
  1315 | D        | Reached XP level 13. HP: 120/120 MP: 13/13
  1363 | D        | Entered arena 16.
  1364 | D        | Noticed a deep elf master archer
  1364 | D        | Noticed a deep elf sorcerer
  1364 | D        | Noticed a deep elf sorcerer
  1365 | D        | Noticed a deep elf annihilator
  1365 | D        | Noticed a deep elf blademaster
  1378 | D        | Killed a deep elf master archer
  1387 | D        | Killed a deep elf blademaster
  1387 | D        | Reached skill level 17 in Armour
  1391 | D        | Killed a deep elf sorcerer
  1399 | D        | Killed a deep elf sorcerer
  1405 | D        | Reached skill level 18 in Armour
  1421 | D        | Killed a deep elf annihilator
  1443 | D        | Got the ring of Dawkoan {rElec rF+ Str+4 Dex-5}
  1463 | D        | Got the +2 helmet "Koasch" {rF+ Int+2}
  1519 | D        | Killed a death ooze
  1647 | D        | Entered arena 17.
  1650 | D        | Killed an azure jelly
  1651 | D        | Noticed a nagaraja
  1686 | D        | Killed an azure jelly
  1704 | D        | Killed a nagaraja
  1704 | D        | Reached skill level 19 in Armour
  1733 | D        | Killed an azure jelly
  1746 | D        | Bought a pair of translucent gloves for 304 gold pieces
  1746 | D        | Identified the cursed -1 pair of gloves "Diroix" {MR+ Int+4} (You bought it in a shop in the Dungeon)
  1753 | D        | Killed a death ooze
  1800 | D        | Killed a death ooze
  1888 | D        | Got the ring of Nialliqi {+Fly rN+ Dex+3}
  1891 | D        | Entered arena 18.
  1897 | D        | Noticed a deep elf blademaster
  1898 | D        | Noticed a deep elf master archer
  1913 | D        | Killed a deep elf blademaster
  1913 | D        | Reached XP level 14. HP: 92/133 MP: 14/14
  1922 | D        | Killed Maurice
  1924 | D        | Killed a deep elf master archer
  1929 | D        | HP: 6/133 [long sword of holy wrath (4)]
  1938 | D        | HP: 6/133 [deep elf high priest/divine providence (15)]
  1945 | D        | HP: 2/133 [deep elf high priest/divine providence (12)]
  1989 | D        | Killed an azure jelly
  2107 | D        | Killed an azure jelly
  2107 | D        | Killed an acid blob
  2123 | D        | Killed an azure jelly
  2151 | D        | Entered arena 19.
  2154 | D        | Noticed a deep elf master archer
  2154 | D        | Noticed a deep elf master archer
  2154 | D        | Noticed a stone giant
  2159 | D        | Killed a deep elf master archer
  2162 | D        | Killed a deep elf master archer
  2163 | D        | Reached skill level 20 in Armour
  2164 | D        | HP: 5/134 [merfolk javelineer/spear of piercing (2)]
  2165 | D        | Slain by a merfolk javelineer

Vault maps used:
D:        sprint_v

Skill      XL: |  1  2  3  4  5  6  7  8  9 10 11 12 13 14 |
---------------+-------------------------------------------+-----
Fighting       | 5 7 9 10 12 13 16 17 19 | 19.9
Armour         | 4 6 8 10 11 12 14 16 19 20 | 20.0
Shields        | 4 6 8 10 11 12 14 15 17 18 | 18.6
Long Blades    | 3 4 6 7 8 10 11 14 15 17 18 | 18.1
Axes           | |  1.7

Action                   |  1- 3 |  4- 6 |  7- 9 | 10-12 | 13-15 || total
-------------------------+-------+-------+-------+-------+-------++-------
Melee: Demon blade       |     4 |    21 |   132 |   221 |   156 ||   534
       Kick              |       |       |    22 |    11 |    61 ||    94
Invok: Call Merchant     |       |       |       |     2 |     1 ||     3
       Potion Petition   |       |       |       |     1 |       ||     1
  Use: Potion            |     2 |       |     1 |    14 |     6 ||    23
       Scroll            |       |       |     1 |     7 |     5 ||    13
 Stab: Distracted        |       |       |     1 |     1 |     1 ||     3
  Eat: Meat ration       |       |       |       |     2 |       ||     2
Armor: Plate armour      |     4 |    10 |   100 |   101 |    85 ||   300
Dodge: Dodged            |       |       |     4 |    27 |    15 ||    46
Block: Shield            |     7 |    42 |   285 |   508 |   410 ||  1252
       Reflection        |       |       |       |    20 |    43 ||    63
       Rpst.: Demon blade |       |       |       |     3 |     3 ||     6
